 Dungeon Crawl Stone Soup version 0.31-a0-844-gdc52ec4e09 (webtiles) character file.

Game seed: 12865003245293317570

13 Bravepunisher the Ducker (level 2, -4/24 HPs)
             Began as a Spriggan Monk on Sept 28, 2023.
             Was a Believer of Makhleb.
             Slain by a gnoll
             ... wielding a +0 club
              (8 damage)
             ... on level 4 of the Dungeon.
             The game lasted 00:07:44 (1771 turns).

Bravepunisher the Ducker (Spriggan Monk)            Turns: 1771, Time: 00:07:44

Health: -4/24      AC:  2    Str:  7    XL:     2   Next: 24%
Magic:  3/3        EV: 19    Int: 11    God:    Makhleb [**....]
Gold:   110        SH:  0    Dex: 17    Spells: 1/1 levels left

rFire   . . .        a - +0 short sword
rCold   . . .        (no shield)
rNeg    . . .        b - +0 robe
rPois   .            (helmet restricted)
rElec   .            (no cloak)
rCorr   .            (gloves unavailable)
SInv    +            (boots unavailable)
Will    .....        (no amulet) Stlth
                     (no ring)
HPRegen 0.24/turn    (no ring)
MPRegen 0.08/turn

%: no passive effects
@: berserking, very quick
A: very small, no large weapons, unfitting armour, see invisible, speed 3
a: Renounce Religion, Minor Destruction


You were on level 4 of the Dungeon.
You worshipped Makhleb.
Makhleb was pleased with you.
You visited 2 branches of the dungeon, and saw 8 of its levels.

You collected 110 gold pieces.

Inventory:

Hand Weapons
 a - a +0 short sword (weapon)
Armour
 b - a +0 robe (worn)
Jewellery
 l - a ring of positive energy
Wands
 o - a wand of acid (9)
Scrolls
 d - a scroll of enchant weapon {unknown}
 e - a scroll of brand weapon {unknown}
 f - 2 scrolls of identify
 h - a scroll of poison {unknown}
 i - a scroll of fear {unknown}
Potions
 c - a potion of ambrosia
 j - a potion of magic
 n - a potion of might {unknown}


   Skills:
 + Level 2.9 Fighting
 - Level 3.2 Short Blades
 + Level 4.3 Dodging
 * Level 0.0 Evocations


You had one spell level left.
You didn't know any spells.
Your spell library was empty.

Dungeon Overview and Level Annotations

Branches:
Dungeon (7/15)             Temple (1/1) D:5

Altars:
Ashenzari
Cheibriados
Dithmenos
Fedhas
Gozag
Kikubaaqudgha
Makhleb
Okawaru
Qazlal
Ru
Sif Muna
Trog
Vehumet
Wu Jian
Xom
The Shining One

Shops:
D:3 =

Portals:
Ossuary: D:6


Innate Abilities, Weirdness & Mutations

You are very small and have problems with some larger weapons.
You are too small for most types of armour.
You have supernaturally acute eyesight. (SInv)
You cover ground extremely quickly. (Speed+++)


Message History

The orc moves out of view.
An orc comes into view. It is wielding a +0 mace.
An orc comes into view. It is wielding a +0 club.
The orc shouts!
Unknown command.
The orc misses you.
Unknown command.
As you read the scroll labelled ZAVUOTRUGGA, it crumbles to dust.
It is a scroll of identify.
j - a potion of magic The orc barely misses you.
Unknown command.
As you read the scroll labelled VUPSOKLETETH, it dissolves into smoke.
It was a scroll of fog.
The orc hits you with a +0 flail. The scorpion completely misses you.
Unknown command.
Unknown command.
As you read the scroll labelled OPOFRY MANIWNO, it crumbles to dust.
You hear a loud clanging noise!
It was a scroll of noise.
You hear a shout!
The orc closely misses you. The scorpion stings you.
Unknown command.
It was a potion of berserk rage.
A red film seems to cover your vision as you go berserk!
You feel yourself moving faster!
You feel mighty! The gnoll hits you with a +0 club!
* * * LOW HITPOINT WARNING * * *
The scorpion misses you. The orc closely misses you.
You are too berserk!
You are too berserk!
You feel a strong urge to attack something.
Unknown command.
You closely miss the gnoll. The gnoll completely misses you. x2
Unknown command.
You barely miss the gnoll. You punch the gnoll!
The gnoll is heavily wounded.
The scorpion misses you. The gnoll completely misses you.
The gnoll hits you with a +0 club!
You die...

#g#..g.###.########..
#.####..g............
#.# ####......####..
#.# ........# #.. #.#
#.#......# ### #.##
#.######## #..# #
#### #.g### .....
#.§g@##o.....
#.##gsoo.o...
#.##§###..... #..§§#
... ####.# . #####
#..<# ####J## ..
######.....# .. #


You could see a scorpion, 3 gnolls and an orc.

Vanquished Creatures
  An endoplasm (D:2)
  A goblin (D:3)
  4 hobgoblins
  A quokka (D:2)
  3 bats (D:2)
  A kobold (D:2)
  A rat (D:2)
12 creatures vanquished.

Notes
Turn   | Place    | Note
-------+----------+-------------------------------------------
     0 | D:1      | Bravepunisher the Spriggan Monk began the quest for the
                  | Orb.
     0 | D:1      | Reached XP level 1. HP: 11/11 MP: 2/2
   237 | D:2      | Reached XP level 2. HP: 16/16 MP: 3/3
   391 | D:3      | Found Jufu's Jewellery Boutique.
   622 | D:4      | Noticed a phantom
   684 | D:4      | Noticed an ogre
   781 | D:5      | Entered Level 5 of the Dungeon
   812 | D:5      | Noticed a two-headed ogre
   842 | D:5      | Noticed an ogre
   880 | D:5      | Found a shadowy altar of Dithmenos.
   883 | D:5      | Noticed a scorpion
   994 | D:6      | Noticed a scorpion
  1321 | D:6      | Found a sand-covered staircase.
  1563 | D:5      | Found an ornate altar of the Wu Jian Council.
  1624 | D:5      | Found a staircase to the Ecumenical Temple.
  1633 | Temple   | Entered the Ecumenical Temple
  1636 | Temple   | Noticed an electric eel
  1646 | Temple   | Noticed an electric eel
  1647 | Temple   | Noticed an electric eel
  1663 | Temple   | Became a worshipper of Makhleb the Destroyer
  1663 | Temple   | Reached * piety under Makhleb
  1663 | Temple   | Reached ** piety under Makhleb
  1683 | Temple   | Noticed an electric eel
  1757 | D:4      | Noticed a scorpion
  1771 | D:4      | Slain by a gnoll

Illustrated notes

Levels and vault maps discovered:
D:1:      evilmike_arrival_hilbert_curve, layout_basic,
          hellmonk_ecumenical_altar_lost_god, bh_walls_and_bars
D:2:      layout_basic, serial_co_window_serial, co_window_paths_a,
          co_window_paths_b, co_window_corner_a, co_window_corner_a,
          co_window_cross_1, co_window_2corner, co_window_corner_b,
          co_window_unsneaky_path_c, co_window_paths_c, co_window_corner_b,
          co_window_broadway_b, co_window_paths_e, glass_columns_c,
          glass_columns_a, glass_columns_b, glass_columns_b,
          kennysheep_generic_room_9
D:3:      layout_basic, serial_shops, nicolae_shop_crystal, shop,
          nicolae_shop_pleasant_corner_grove
D:4:      layout_basic
D:5:      layout_layer_cave, pdpol_wu_jian_five_deadly_venoms,
          general_overflow_altar, minmay_temple_entry_sparse_star
D:6:      layout_loops_ring, zin_scriptorium, enter_ossuary_4
D:7:      layout_basic, serial_bayou_lagoon_b
Temple:   compressed_dpeg_circular_temple

Action                     || total
---------------------------++-------
  Melee: Short sword       ||    41
         Punch             ||     2
    Use: Scroll            ||     3
         Potion            ||     1
   Stab: Sleeping          ||     3
 Armour: Robe              ||    14
  Dodge: Dodged            ||    50

Table legend: (Time is in decaauts)
 A = Elapsed time spent in this place.
 B = Non-inter-level travel time spent in this place.
 C = Inter-level travel time spent in this place.
 D = Time resting spent in this place.
 E = Time spent auto-exploring this place.
 F = Levels seen in this place.
 G = Mean time per level.
                   A        B        C        D        E       F      G
               +--------+--------+--------+--------+--------+-----+--------+
         Total |   1143 |   1070 |     73 |     42 |    403 |   8 |  142.9 |
       Dungeon |   1105 |   1067 |     38 |     42 |    403 |   7 |  157.9 |
        Temple |     37 |      3 |     34 |      0 |      0 |   1 |   37.0 |
               +--------+--------+--------+--------+--------+-----+--------+

Top non-repeatable levels by time:
     D:5: 252 daAuts
     D:3: 240 daAuts
     D:6: 166 daAuts
     D:7: 154 daAuts
     D:2: 147 daAuts
     D:4: 136 daAuts
  Temple: 37 daAuts
     D:1: 8 daAuts
